 Dungeon Crawl Stone Soup version 0.28-a0-479-g5baa6b73be (webtiles) character file.

Game seed: 15064067805901609387

146846 robertstho the Eclecticist (level 18, -10/131 HPs)
             Began as a Djinni Fire Elementalist on Sept 17, 2021.
             Was an Initiate of Gozag.
             Killed from afar by a quicksilver dragon (21 damage)
             ... with a bolt of dispelling energy
             ... on level 4 of the Snake Pit.
             The game lasted 01:30:58 (44236 turns).

robertstho the Eclecticist (DjFE)                  Turns: 44236, Time: 01:31:00

Health: -10/131    AC: 17    Str:  7    XL:     18   Next: 7%
Gold:   4600       EV: 13    Int: 20    God:    Gozag SH: 15 Dex: 23

rFire   + + +      SeeInvis .   Q - +1 war axe (elec)
rCold   + . .      Faith    .   r - +0 kite shield
rNeg    + + +      Spirit   .   X - +2 robe of Parlour Games {+Inv rC+ rN++ Int-3}
rPois   ∞          Reflect  +   i - +1 helmet
rElec   +          Harm     .   (no cloak)
rCorr   +          Rampage  .   S - +0 pair of gloves of Mulysin {Drain rElec rCorr Dex+7}
Will    +....                   (boots unavailable)
Stlth   ++++......              P - amulet of reflection
HPRegen 0.31/turn               v - ring "Igiw" {rF+ rC+ rCorr AC+4 Stlth+}
MPRegen 0.00/turn               o - ring "Nithrul" {rF+ rN+ AC+4 Slay+2}

@: gold aura, flying, hasted (expiring), very quick
A: sickness immunity, fire resistance 2, cold vulnerability 1, float, innate
caster, hp casting, extra vitality 1
a: Renounce Religion, Evoke Invisibility, Potion Petition, Call Merchant, Bribe
Branch


You were on level 4 of the Snake Pit.
You worshipped Gozag.
Gozag was most pleased with you.
You visited 5 branches of the dungeon, and saw 26 of its levels.
You also visited: Ossuary and Volcano.

You collected 10837 gold pieces.
You spent 4147 gold pieces at shops.
You paid 2090 gold pieces to Gozag.

Inventory:

Hand Weapons
 M - a +2 war axe of flaming
 Q - a +1 war axe of electrocution (weapon)
 V - a +1 demon blade of flaming
Armour
 i - a +1 helmet (worn)
 n - the +2 leather armour of Fanaticism {*Slow Fly Slay+3}
   (You found it on level 5 of the Dungeon)

   Slay:      It affects your accuracy & damage with ranged weapons and melee
   (+3).
   Fly:       It grants you flight.
   *Slow:     It may slow you when you take damage.
 r - a +0 kite shield (worn)
 S - the +0 pair of gloves of Mulysin (worn) {Drain rElec rCorr Dex+7}
   (You found it on level 3 of the Lair of Beasts)

   Dex:       It affects your dexterity (+7).
   rElec:     It insulates you from electricity.
   rCorr:     It protects you from acid and corrosion.
   Drain:     It drains your maximum health when unequipped.
 W - +0 fire dragon scales
 X - the +2 robe of Parlour Games (worn) {+Inv rC+ rN++ Int-3}
   (You found it on level 4 of the Lair of Beasts)

   Int:       It affects your intelligence (-3).
   rC:        It protects you from cold.
   rN:        It greatly protects you from negative energy.
   +Inv:      It lets you turn invisible.
Jewellery
 d - a +4 ring of protection
 o - the ring "Nithrul" (right hand) {rF+ rN+ AC+4 Slay+2}
   (You bought it in a shop on level 11 of the Dungeon)

   [ring of protection]

   AC:        It affects your AC (+4).
   Slay:      It affects your accuracy & damage with ranged weapons and melee
   (+2).
   rF:        It protects you from fire.
   rN:        It protects you from negative energy.
 s - a ring of protection from cold
 v - the ring "Igiw" (left hand) {rF+ rC+ rCorr AC+4 Stlth+}
   (You bought it in a shop on level 11 of the Dungeon)

   [ring of protection]

   AC:        It affects your AC (+4).
   rF:        It protects you from fire.
   rC:        It protects you from cold.
   rCorr:     It protects you from acid and corrosion.
   Stlth:     It makes you more stealthy.
 x - a ring of positive energy
 y - the amulet "Gettimad" {rF+ rC+ Regen+ MP+9 Dex+4}
   (You bought it in a shop on level 11 of the Dungeon)

   [amulet of regeneration]

   Dex:       It affects your dexterity (+4).
   rF:        It protects you from fire.
   rC:        It protects you from cold.
   MP:        It affects your magic capacity (+9).
   Regen:     It increases your rate of health regeneration.
 G - a ring of fire
 P - an amulet of reflection (around neck)
 T - a ring of positive energy
Wands
 l - a wand of acid (24)
 J - a wand of digging (16)
 O - a wand of iceblast (25)
Scrolls
 a - 2 scrolls of torment
 f - 8 scrolls of teleportation
 j - 2 scrolls of blinking
 t - 2 scrolls of identify
 u - a scroll of magic mapping
 z - 4 scrolls of summoning
 A - 6 scrolls of immolation
 B - a scroll of fear
 E - 6 scrolls of fog
 F - 4 scrolls of enchant armour
 H - 4 scrolls of vulnerability
 I - 2 scrolls of enchant weapon
 K - 2 scrolls of brand weapon
Potions
 b - 4 potions of berserk rage
 c - 2 potions of cancellation
 e - 5 potions of haste
 g - 4 potions of might
 k - 3 potions of brilliance {unknown}
 m - 7 potions of mutation {unknown}
 p - 10 potions of curing {unknown}
 q - 3 potions of resistance {unknown}
 Z - a potion of ambrosia
Miscellaneous
 L - a condenser vane


   Skills:
 * Level 12.7 Fighting
 + Level 2.1 Short Blades
 + Level 1.0 Axes
 * Level 12.6 Armour
 + Level 5.0 Dodging
 + Level 4.3 Stealth
 + Level 3.3 Shields
 + Level 17.9 Spellcasting


You had 9 spell levels left.
You knew the following spells:

 Your Spells              Type           Power      Damage    Failure   Level
a - Foxfire               Conj/Fire      100%       2x1d9     0%          1
b - Scorch                Fire           100%       2d10      0%          2
c - Conjure Flame         Conj/Fire      74%        6-21      1%          3
d - Inner Flame           Hex/Fire       74%        N/A       1%          3
e - Flame Wave            Conj/Fire      74%        3d13      1%          4
f - Freeze                Ice            100%       1d11      0%          1
g - Static Discharge      Conj/Air       74%        N/A       0%          2
h - Teleport Other        Tloc           74%        N/A       1%          3
i - Spider Form           Tmut/Pois      37%        N/A       1%          3
j - Airstrike             Air            37%        N/A       1%          4
k - Fireball              Conj/Fire      37%        3d15      1%          5
l - Dispersal             Tloc           37%        N/A       1%          6
m - Simulacrum            Ice/Necr       37%        N/A       1%          6
Your spell library was empty.

Dungeon Overview and Level Annotations

Branches:
Dungeon (13/15)            Temple (1/1) D:5            Lair (6/6) D:8
 Shoals (0/4) Lair:4        Snake (4/4) Lair:4        Slime (0/5) Lair:6
    Orc (2/2) D:11            Elf (0/3) Orc:2        Vaults (0/5) D:13
Ossuary (visited)         Volcano (visited)

Altars:
Cheibriados
Dithmenos
Elyvilon
Fedhas
Gozag
Hepliaklqana
Makhleb
Nemelex Xobeh
Sif Muna
Uskayaw
Vehumet
Xom
Yredelemnul
The Shining One
Beogh
Lugonu

Shops:
D:6 =   D:8 :   D:9 *   D:10 [   D:11 =(   Orc:1 [   Orc:2 (:*[   Snake:1 ?
Snake:3 :=:

Portals:
Abyss: Lair:6

Annotations:
D:13 Rupert
Snake:1 2 transporters, frimble's ghost, adept OpWr


Innate Abilities, Weirdness & Mutations

You are immune to sickness and miasma.
You are immune to poison.
Your flesh is very heat resistant. (rF++)
You are vulnerable to cold. (rC-)
You float through the air rather than walking.
You learn spells naturally, not from books.
Your magical power is your life essence.
You have superior vitality. (+4 HP)


Message History

The quicksilver dragon breathes dispelling energy at you.
The bolt of dispelling energy hits you!!!
* * * LOW HITPOINT WARNING * * *
Blink to where?
Press: ? - help, Dir - move target
As you read the scroll of blinking, it crumbles to dust.
You feel much better.
You fade into invisibility!
You are very lightly contaminated with residual magic.
(D) Dungeon (T) Temple (L) Lair (A) Shoals (P) Snake Pit (M) Slime Pits (O) Orcish Mines (E) Elven Halls (V) Vaults
Where to? (Enter - Snake:3, ? - help)
The quicksilver dragon breathes dispelling energy at you.
The bolt of dispelling energy hits you!!
Your magical effects are unravelling.
* * * LOW HITPOINT WARNING * * *
You hear a shout!
You reach down and close the door.
You flicker back into view.
Your magical contamination has completely faded away.
The salamander mystic is distracted by your dazzling golden aura.
You feel yourself speed up.
The quicksilver dragon breathes dispelling energy at you.
The bolt of dispelling energy misses you.
Casting: Dispersal (dangerous; 1% risk of failure)
Confirm with . or Enter, or press ? or * to list all spells.
Casting: Dispersal (dangerous; 1% risk of failure)
Press: ? - help, Dir - look around, f - activate The quicksilver dragon blinks!
* * * LOW HITPOINT WARNING * * *
Unknown command.
Blink to where?
Press: ? - help, Dir - move target
As you read the scroll of blinking, it crumbles to dust.
The quicksilver dragon breathes dispelling energy at you.
The bolt of dispelling energy hits you!!
Your magical effects are unravelling.
You die...
Your body crumbles into a pile of gold.

.......###.#
#.##...#######.....#
.....#...#.# #.##...# ##.....
..#........###.'.))## ###...
#...####.......#)..#### ####
.....#####.###.##[##..##### #
.###.....#.####..[..#.....# #
..######........([)..####.# #
#.### ####..8...8#..####.# #
#...# ####..@###......# # ###.#
##...###......##### #
#.#########.....######......# #
#....##..##.....##..###.....###
######...§§..).......#####.....
##.......8.....8..... #.....
#...#....#D....#....# #.....
#..###..###...###..## #...?.
##..##...# ##'## ...# ##....


You could see a quicksilver dragon (catching breath).

Vanquished Creatures
  Frances (D:12)
  4 nagarajas
  2 orc warlords (Orc:2)
  6 salamander tyrants (Snake:4)
  Harold (D:8)
  A fire dragon (D:10)
  Erolcha (Orc:1)
  5 naga warriors
  A boulder beetle (D:12)
  2 catoblepae
  9 hydras
  7 anacondas
  4 death yaks (Lair:4)
  8 two-headed ogres
  7 shock serpents
  Urug (Lair:2)
  3 orc high priests
  4 naga sharpshooters
  Nergalle (Orc:2)
  Sonja (Lair:3)
  A deep troll (D:10)
  A salamander mystic (Snake:4)
  A skeletal warrior (D:11)
  2 lindwurms
  2 deep elf archers
  3 naga ritualists
  Pikel (D:6)
  10 deep elf pyromancers
  7 mana vipers
  3 orc sorcerers
  3 ugly things
  4 orc knights
  An orb spider (shapeshifter) (Lair:6)
  A manticore (shapeshifter) (Lair:6)
  2 cyclopes
  2 manticores
  20 elephants
  5 salamanders
  6 guardian serpents
  Maurice (D:9)
  23 black mambas
  15 naga magi
  21 cane toads
  A gargoyle (D:10)
  2 smoke demons (Lair:6)
  An unseen horror (D:12)
  A rime drake (Lair:5)
  Maggie (D:9)
  8 komodo dragons
  2 kobold demonologists (D:9)
  A merfolk (D:12)
  9 trolls
  2 polar bears
  An ancient zyme (Lair:6)
  22 blink frogs
  3 hornets
  A snapping turtle (Lair:4)
  A meliai zombie (D:10)
  2 shadows (D:11)
  A water elemental (D:13)
  63 yaks
  A wraith (D:12)
  3 steam dragons
  3 wyverns
  4 fire elementals (Volcano)
  10 vampire mosquitoes
  4 basilisks
  4 chaos spawn (Lair:6)
  30 nagas
  10 wargs
  7 hell hounds
  4 large abominations (Lair:6)
  2 acid dragons
  18 water moccasins
  Duvessa (D:6)
  A sky beast (D:4)
  45 orc warriors
  An ice beast (shapeshifter) (D:13)
  2 ice beasts
  6 black bears
  7 ogres
  12 wolves
  7 centaurs
  4 lemures (D:6)
  8 small abominations (Lair:6)
  A phantom (D:6)
  Blork the orc (Orc:2)
  9 kobold brigands
  8 bullfrogs
  5 gnoll sergeants
  6 scorpions
  A wyvern zombie (D:6)
  2 water moccasin zombies
  Dowan (D:6)
  5 killer bees
  5 wights (D:8)
  7 howler monkeys
  9 electric eels
  2 jellies (D:6)
  7 centaur zombies
  A bullfrog zombie (D:5)
  29 orc priests
  12 hounds
  A bullfrog skeleton (D:5)
  17 gnoll shamans
  4 iguanas
  A scorpion zombie (D:5)
  41 orc wizards
  A killer bee zombie (D:6)
  9 mummies
  5 howler monkey zombies
  23 gnolls
  7 adders
  A river rat (Lair:6)
  2 white imps
  An adder zombie (D:5)
  A worm (D:2)
  3 dart slugs
  84 orcs
  12 ball pythons
  10 endoplasms
  7 giant cockroaches
  17 hobgoblins
  8 jackals
  15 kobolds
  4 quokkas
  9 bats
  A frilled lizard (D:2)
  13 goblins
  A goblin zombie (D:5)
  5 hobgoblin zombies
  A kobold zombie (Ossuary)
  3 orc zombies (Ossuary)
  5 rats
943 creatures vanquished.

Vanquished Creatures (collateral kills)
  11 foxfires
11 creatures vanquished.

Vanquished Creatures (others)
  A naga mage (Snake:2)
  A naga (Snake:1)
  A hound (D:6)
  An orc wizard (D:6)
  1415 foxfires
  55 fungi
  122 plants
1596 creatures vanquished.

Grand Total: 2550 creatures vanquished

Notes
Turn   | Place    | Note
-------+----------+-------------------------------------------
     0 | D:1      | robertstho the Djinni Fire Elementalist began the quest for
                  | the Orb.
     0 | D:1      | Reached XP level 1. HP: 15/15 MP: 0/0
   332 | D:1      | Reached XP level 2. HP: 18/22 MP: 0/0
  1104 | D:1      | Reached XP level 3. HP: 25/26 MP: 0/0
  1104 | D:1      | Learned a level 1 spell: Freeze
  2008 | D:2      | Reached skill level 1 in Fighting
  2163 | D:2      | Reached skill level 3 in Spellcasting
  2206 | D:2      | Found a faded altar of an unknown god.
  2610 | D:2      | Reached XP level 4. HP: 30/32 MP: 0/0
  2708 | D:2      | Reached skill level 1 in Armour
  4159 | D:3      | Reached XP level 5. HP: 30/37 MP: 0/0
  4159 | D:3      | Learned a level 2 spell: Static Discharge
  4956 | D:4      | Noticed a sky beast
  4964 | D:4      | Killed a sky beast
  4965 | D:4      | Reached skill level 4 in Spellcasting
  4965 | D:4      | Reached XP level 6. HP: 36/43 MP: 0/0
  6082 | D:5      | Entered Level 5 of the Dungeon
  6111 | D:5      | Found a sand-covered staircase.
  6118 | Ossuary  | Entered an ossuary
  6356 | Ossuary  | Reached XP level 7. HP: 44/49 MP: 0/0
  6356 | Ossuary  | Learned a level 3 spell: Teleport Other
  6964 | D:5      | Reached skill level 5 in Spellcasting
  7401 | D:5      | Noticed a water moccasin
  7411 | D:5      | Reached XP level 8. HP: 29/55 MP: 0/0
  7845 | D:5      | Identified the +2 leather armour of Fanaticism {*Slow Fly
                  | Slay+3}
  8012 | D:5      | Found a staircase to the Ecumenical Temple.
  8039 | Temple   | Entered the Ecumenical Temple
  8089 | Temple   | Became a worshipper of Gozag Ym Sagoz the Greedy
  8122 | D:5      | Reached skill level 6 in Spellcasting
  8122 | D:5      | Reached XP level 9. HP: 49/62 MP: 0/0
  8122 | D:5      | Learned a level 3 spell: Spider Form
  8468 | D:6      | Found a blossoming altar of Fedhas.
  8485 | D:6      | Noticed Duvessa
  8487 | D:6      | Noticed Dowan
  8494 | D:6      | Killed Dowan
  8496 | D:6      | Killed Duvessa
  8508 | D:6      | Reached skill level 7 in Spellcasting
  8858 | D:6      | Noticed Pikel
  8873 | D:6      | Killed Pikel
  8874 | D:6      | Reached skill level 1 in Short Blades
  8874 | D:6      | Reached skill level 5 in Armour
  8875 | D:6      | Reached skill level 5 in Fighting
  9164 | D:6      | Found a shimmering altar of Xom.
  9229 | D:6      | Reached XP level 10. HP: 65/70 MP: 0/0
 10241 | D:6      | Reached skill level 8 in Spellcasting
 11814 | D:8      | Found a staircase to the Lair.
 12083 | D:8      | Reached skill level 9 in Spellcasting
 12213 | D:8      | Reached XP level 11. HP: 64/78 MP: 0/0
 12213 | D:8      | Learned a level 4 spell: Airstrike
 12304 | D:8      | Found Binool's Book Emporium.
 12771 | D:8      | Noticed Harold
 12781 | D:8      | Killed Harold
 13227 | D:9      | Found a hide-covered altar of Uskayaw.
 13230 | D:9      | Found a basalt altar of Yredelemnul.
 13233 | D:9      | Found a white marble altar of Elyvilon.
 13326 | D:9      | Noticed Maggie
 13338 | D:9      | Killed Maggie
 13495 | D:9      | Found Fimnil's Gadget Gallery.
 13851 | D:9      | Noticed Maurice
 13863 | D:9      | Killed Maurice
 13864 | D:9      | Reached skill level 10 in Spellcasting
 13902 | D:9      | Noticed a two-headed ogre
 13909 | D:9      | Killed a two-headed ogre
 14535 | D:9      | Noticed a deep elf pyromancer
 14828 | D:9      | Noticed a cyclops
 14829 | D:9      | Noticed a two-headed ogre
 14834 | D:9      | Killed a cyclops
 14835 | D:9      | Reached XP level 12. HP: 81/86 MP: 0/0
 14860 | D:9      | Killed a two-headed ogre
 14952 | D:9      | Noticed a two-headed ogre
 14962 | D:9      | Killed a two-headed ogre
 14963 | D:9      | Reached skill level 11 in Spellcasting
 15672 | D:9      | Identified the ring of Xetui {Fire Slay+3}
 16558 | D:10     | Entered Level 10 of the Dungeon
 17014 | D:10     | Noticed a two-headed ogre
 17022 | D:10     | Killed a two-headed ogre
 17183 | D:10     | Noticed a two-headed ogre
 17223 | D:10     | Killed a two-headed ogre
 17708 | D:10     | Found Cheibriados's Comfort Zone.
 17708 | D:10     | Found a snail-covered altar of Cheibriados.
 17759 | D:10     | Noticed a deep troll
 17989 | D:10     | Noticed a catoblepas
 18008 | D:10     | Killed a deep troll
 18009 | D:10     | Reached skill level 12 in Spellcasting
 18420 | Lair:1   | Entered Level 1 of the Lair of Beasts
 18549 | Lair:1   | Reached skill level 1 in Shields
 18552 | Lair:1   | Reached XP level 13. HP: 63/93 MP: 0/0
 18552 | Lair:1   | Learned a level 5 spell: Fireball
 18986 | Lair:1   | Noticed an eight-headed hydra
 18991 | Lair:1   | Killed an eight-headed hydra
 19738 | Lair:1   | Noticed a four-headed hydra
 19742 | Lair:1   | Killed a four-headed hydra
 20137 | Lair:1   | Noticed a four-headed hydra
 20142 | Lair:1   | Killed a four-headed hydra
 20875 | Lair:1   | Reached skill level 13 in Spellcasting
 21193 | Lair:2   | Noticed Urug
 21198 | Lair:2   | Killed Urug
 21351 | Lair:2   | Noticed a seven-headed hydra
 21351 | Lair:2   | You are sucked into a shaft and drop 1 floor!
 21444 | Lair:3   | Noticed Sonja
 21448 | Lair:3   | Killed Sonja
 21694 | Lair:3   | Identified the +0 pair of gloves of Mulysin {Drain rElec
                  | rCorr Dex+7}
 22572 | Lair:2   | Killed a seven-headed hydra
 22995 | Lair:2   | Reached XP level 14. HP: 87/101 MP: 0/0
 23950 | Lair:4   | Found a dark tunnel.
 23961 | Volcano  | Entered a volcano
 24341 | Volcano  | Reached skill level 14 in Spellcasting
 24601 | Volcano  | Reached skill level 10 in Fighting
 25184 | Lair:4   | Identified the +2 robe of Parlour Games {+Inv rC+ rN++
                  | Int-3}
 25231 | Lair:4   | Reached skill level 10 in Armour
 26359 | Lair:4   | Found a staircase to the Shoals.
 26368 | Lair:4   | Reached XP level 15. HP: 52/109 MP: 0/0
 26368 | Lair:4   | Learned a level 6 spell: Dispersal
 26725 | Lair:4   | Found a staircase to the Snake Pit.
 27717 | Lair:5   | Identified the +1 robe of Guadetzi {Str+9}
 28299 | Lair:6   | Entered Level 6 of the Lair of Beasts
 28421 | Lair:6   | Reached skill level 15 in Spellcasting
 29575 | Lair:6   | Found a staircase to the Slime Pits.
 31853 | D:11     | Found a hazy altar of Hepliaklqana.
 32668 | D:11     | Found a staircase to the Orcish Mines.
 32836 | D:11     | Bought the ring "Igiw" {rF+ rC+ rCorr AC+4 Stlth+} for 915
                  | gold pieces
 32836 | D:11     | Bought the amulet "Gettimad" {rF+ rC+ Regen+ MP+9 Dex+4}
                  | for 1096 gold pieces
 32849 | D:11     | Bought the ring "Nithrul" {rF+ rN+ AC+4 Slay+2} for 876
                  | gold pieces
 33309 | D:12     | Noticed Frances
 33321 | D:12     | Killed Frances
 33322 | D:12     | Reached XP level 16. HP: 58/117 MP: 0/0
 33421 | D:12     | You are sucked into a shaft and drop 1 floor!
 33421 | D:13     | Noticed Rupert
 33470 | D:13     | Found a gate to the Vaults.
 35699 | Lair:6   | Reached skill level 1 in Axes
 35702 | Lair:6   | Reached skill level 16 in Spellcasting
 35880 | Lair:6   | Found a one-way gate to the infinite horrors of the Abyss.
 36100 | Lair:6   | Found a corrupted altar of Lugonu.
 36591 | Orc:1    | Entered Level 1 of the Orcish Mines
 36591 | Orc:1    | Noticed Erolcha
 36596 | Orc:1    | Killed Erolcha
 36748 | Orc:2    | Entered Level 2 of the Orcish Mines
 36755 | Orc:2    | Paralysed by an orc sorcerer for 2 turns
 36885 | Orc:2    | Noticed Blork the orc
 37106 | Orc:2    | Noticed Nergalle
 37111 | Orc:2    | Killed Nergalle
 37116 | Orc:2    | Killed Blork the orc
 37387 | Orc:2    | Found Fennus's Antique Armour Shop.
 37409 | Orc:2    | Found Hiulen's Book Shop.
 37493 | Orc:2    | Found Esaur's General Store.
 37823 | Orc:2    | Found a staircase to the Elven Halls.
 38032 | Orc:2    | Bought a potion of attraction for 42 gold pieces
 38050 | Orc:2    | Bought a runed scarf for 256 gold pieces
 38050 | Orc:2    | Bought a glowing scarf for 256 gold pieces
 38083 | Orc:2    | Found Qaokir's Antique Weapon Shop.
 38177 | Orc:1    | Found Toigej Ossa's Armour Boutique.
 38902 | Snake:1  | Entered Level 1 of the Snake Pit
 39153 | Snake:1  | Noticed frimble's ghost (adept OpWr)
 39154 | Snake:1  | Noticed a tentacled starspawn
 39155 | Snake:1  | Noticed a hellephant
 39190 | Snake:1  | Found a transporter.
 39204 | Snake:1  | Found a transporter.
 39378 | Snake:1  | Found Gorreonk's Magic Scroll Shoppe.
 39401 | Snake:1  | Bought a scroll of identify for 32 gold pieces
 39401 | Snake:1  | Bought a scroll of teleportation for 48 gold pieces
 39401 | Snake:1  | Bought a scroll of identify for 32 gold pieces
 39401 | Snake:1  | Bought a scroll of identify for 32 gold pieces
 39401 | Snake:1  | Bought a scroll of teleportation for 48 gold pieces
 39401 | Snake:1  | Bought a scroll of identify for 32 gold pieces
 39401 | Snake:1  | Bought a scroll of identify for 32 gold pieces
 39502 | Snake:1  | Noticed a nagaraja
 39515 | Snake:1  | Killed a nagaraja
 39516 | Snake:1  | Reached XP level 17. HP: 90/123 MP: 0/0
 39516 | Snake:1  | Learned a level 6 spell: Simulacrum
 39941 | Snake:2  | Reached skill level 17 in Spellcasting
 40120 | Snake:2  | You are sucked into a shaft and drop 1 floor!
 40230 | Snake:3  | Reached skill level 5 in Dodging
 40621 | Snake:3  | Found Jiaraops's Book Emporium.
 40621 | Snake:3  | Found Ceda's Jewellery Shop.
 40625 | Snake:3  | Found Piykkuge's Book Emporium.
 40649 | Snake:3  | Bought an amulet of reflection for 450 gold pieces
 40825 | Snake:4  | Entered Level 4 of the Snake Pit
 43546 | Snake:4  | Reached XP level 18. HP: 73/131 MP: 0/0
 44202 | Snake:4  | Noticed a quicksilver dragon
 44203 | Snake:4  | Noticed a quicksilver dragon
 44236 | Snake:4  | Killed from afar by a quicksilver dragon

Illustrated notes

Levels and vault maps discovered:
D:1:      psy_arrival_whirlpool, layout_basic
D:2:      layout_basic, basic_ecumenical_altar, chequers_jeans
D:3:      minmay_razor_zed, layout_basic
D:4:      minmay_spotlight, layout_loops_cross
D:5:      minmay_recursive_quarters, layout_basic,
          minmay_temple_entry_sparse_star, nicolae_ossuary_entry_giza,
          chequers_arboretum, hangedman_decor_diamond_cutter
D:6:      kennysheep_housing_project, layout_gridville, xom_confusion_cloud,
          fedhas_altar_3, serial_bayou_pond_c, uniq_pikel, uniq_duvessa
D:7:      layout_basic
D:8:      layout_cave_pools, due_lair_maze_entry_diamond, serial_gnoll_camp,
          gnoll_camp_medium_02, gnoll_camp_mini_shop, gnoll_camp_mini_basic,
          gnoll_camp_mini_doghouse, nicolae_water_bricks, uniq_harold
D:9:      lemuel_castle_with_subvaults [lemuel_castle_interior_carwin_3],
          layout_stronghold, grunt_temple_overflow_cloverleaf,
          grunt_decor_clamped, nicolae_shop_gadgets, uniq_maurice, uniq_maggie
D:10:     nzn_winding_woodlands_small [nzn_winding_woodlands_5x15_cabin,
          nzn_winding_woodlands_center_garden, nzn_winding_woodlands_5x15_eye],
          layout_basic, minmay_shop_chei
D:11:     minmay_clustersquares, layout_basic, david_orc_4,
          nicolae_hepliaklqana_hippocampus
D:12:     layout_stronghold, hangedman_fish_farm, uniq_frances
D:13:     layout_basic, david_vaults_2, uniq_rupert
Temple:   kb_temple_of_zot
Lair:1:   layout_layer_cave, minmay_stone_trees_large, guppyfry_lair_drakes
Lair:2:   layout_gridlike, chequers_serial_rivers_small_a, beast_lair_carwin_4,
          lemuel_fruit_tree, uniq_urug
Lair:3:   layout_regular_city, uniq_sonja
Lair:4:   beast_lair_carwin_large_4, layout_big_grid, minmay_shoals_entry_hut,
          guppyfry_snake_entry_island, enter_volcano_1
Lair:5:   layout_roguey, serial_bayou, serial_bayou_lake_a, serial_bayou_pond_e,
          serial_bayou_lagoon_a, serial_bayou_shore_a, serial_bayou_lagoon_b
Lair:6:   hellmonk_lair_end_abyssal_woods, layout_regular_city,
          dpeg_slime_entry_corner, grunt_megastairs_3, infiniplex_staircase_pool
Snake:1:  layout_rooms, serial_shops, nicolae_shop_trees,
          gammafunk_ghost_abyssal_escape, guppyfry_library_mini
Snake:2:  layout_onion_interference
Snake:3:  layout_onion_interference, grunt_megastairs_5, minmay_shop_grove
Snake:4:  hellmonk_snake_rune_quicksilver_temple, layout_rooms,
          grunt_megastairs_4
Orc:1:    layout_caves, serial_shops, nicolae_shop_crystal, uniq_erolcha
Orc:2:    grunt_orc_cross, layout_caves

Skill      XL: |  1  2  3  4  5  6  7  8  9 10 11 12 13 14 15 16 17 |
---------------+----------------------------------------------------+-----
Fighting       | 1 2 3 5 6 7 8 9 10 11 12 | 12.7
Spellcasting   | 3 4 5 6 7 9 10 12 13 14 15 16 17 | 17.9
Armour         | 1 2 3 4 5 6 7 8 9 10 11 12 | 12.6
Stealth        | 2 3 4 |  4.3
Dodging        | 3 4 5 |  5.0
Short Blades   | 1 2 |  2.1
Shields        | 1 2 3 |  3.3
Axes           | 1 |  1.0

Action                   |  1- 3 |  4- 6 |  7- 9 | 10-12 | 13-15 | 16-18 || total
-------------------------+-------+-------+-------+-------+-------+-------++-------
Melee: Short sword       |       |     8 |    16 |     3 |       |       ||    27
       War axe           |       |       |       |       |       |    13 ||    13
 Cast: Foxfire           |   103 |   140 |   132 |   425 |    12 |    15 ||   827
       Scorch            |       |    35 |    33 |    82 |     5 |     5 ||   160
       Flame Wave        |       |       |    10 |    15 |    30 |    25 ||    80
       Airstrike         |       |       |       |   119 |   227 |   325 ||   671
       Conjure Flame     |       |       |       |     3 |       |     1 ||     4
       Fireball          |       |       |       |       |   273 |   304 ||   577
       Dispersal         |       |       |       |       |     4 |    54 ||    58
Invok: Call Merchant     |       |       |       |     1 |     2 |       ||     3
  Use: Scroll            |     1 |     3 |     4 |     9 |     8 |    14 ||    39
       Potion            |       |       |       |     2 |     4 |    10 ||    16
 Stab: Distracted        |       |       |       |       |       |     1 ||     1
Armor: Robe              |       |    10 |     1 |       |     7 |    44 ||    62
       Leather armour    |       |       |    11 |    41 |    11 |       ||    63
Dodge: Dodged            |     2 |    14 |    40 |    69 |    33 |    51 ||   209
Block: Kite shield       |       |       |       |    44 |    28 |    77 ||   149
       Reflection        |       |       |       |       |       |    12 ||    12

Table legend: (Time is in decaauts)
 A = Elapsed time spent in this place.
 B = Non-inter-level travel time spent in this place.
 C = Inter-level travel time spent in this place.
 D = Time resting spent in this place.
 E = Time spent auto-exploring this place.
 F = Levels seen in this place.
 G = Mean time per level.
                   A        B        C        D        E       F      G
               +--------+--------+--------+--------+--------+-----+--------+
         Total |  44300 |  41889 |   2411 |   7057 |  29612 |  28 | 1582.1 |
       Dungeon |  22606 |  21238 |   1368 |   1870 |  16717 |  13 | 1738.9 |
        Temple |     72 |     50 |     22 |      0 |     42 |   1 |   72.0 |
          Lair |  12755 |  12027 |    728 |   2504 |   8554 |   6 | 2125.8 |
     Snake Pit |   5351 |   5164 |    187 |   2139 |   2248 |   4 | 1337.8 |
  Orcish Mines |   2097 |   1991 |    106 |    145 |   1264 |   2 | 1048.5 |
       Ossuary |    582 |    582 |      0 |      0 |    480 |   1 |  582.0 |
       Volcano |    834 |    834 |      0 |    399 |    307 |   1 |  834.0 |
               +--------+--------+--------+--------+--------+-----+--------+

Top non-repeatable levels by time:
     D:9: 3630 daAuts
    D:10: 3133 daAuts
  Lair:1: 2723 daAuts
  Lair:4: 2716 daAuts
  Lair:5: 2554 daAuts
 Snake:3: 2341 daAuts
     D:6: 2130 daAuts
  Lair:6: 2015 daAuts
    D:11: 1910 daAuts
     D:1: 1835 daAuts
  Lair:2: 1834 daAuts
 Snake:4: 1790 daAuts
     D:5: 1731 daAuts
     D:3: 1693 daAuts
     D:8: 1626 daAuts
